 Dungeon Crawl Stone Soup version 0.31.0-11-ge490571c62 (webtiles) character file.

Game seed: 5042521430351217306

126 Ruich the Ducker (level 5, -3/40 HPs)
             Began as a Djinni Gladiator on Feb 4, 2024.
             Slain by a gnoll bouda
             ... wielding a +0 whip
              (8 damage)
             ... on level 3 of the Dungeon.
             The game lasted 00:09:24 (2660 turns).

Ruich the Ducker (Djinni Gladiator)                 Turns: 2660, Time: 00:09:24

Health: -3/40      AC:  9    Str: 13    XL:     5   Next: 32%
Gold:   194        EV: 11    Int: 12    God:
                   SH:  4    Dex: 14

rFire   + + .        q - +0 whip
rCold   x . .        s - +0 buckler
rNeg    . . .        o - +0 ring mail
rPois   ∞            c - +0 helmet
rElec   .            (no cloak)
rCorr   .            f - +2 pair of gloves
SInv    .            (boots unavailable)
Will    .....        (no amulet)
Stlth   +            (no ring)
HPRegen 0.26/turn    (no ring)
MPRegen 0.00/turn

%: infuse magic (-4 HP)
@: weakened, flying
A: sickness immunity, fire resistance 2, cold vulnerability 1, float, innate
caster, HP casting, extra vitality 1
a: no special abilities


You were on level 3 of the Dungeon.
You visited 1 branch of the dungeon, and saw 4 of its levels.

You collected 194 gold pieces.


Innate Abilities, Weirdness & Mutations

You are immune to sickness and miasma.
You are immune to poison.
Your flesh is very heat resistant. (rF++)
You are vulnerable to cold. (rC-)
You float through the air rather than walking.
You learn spells naturally, not from books.
Your magical power is your life essence.
You have superior vitality. (+4 MHP)


   Skills:
 + Level 2.9 Fighting
 * Level 3.2 Maces & Flails
 - Level 1.5 Throwing
 + Level 4.1 Dodging
 + Level 1.2 Spellcasting
 + Level 1.2 Conjurations
 + Level 1.2 Hexes
   Level 0.0 Charms
 + Level 1.2 Summonings
 + Level 1.2 Necromancy
 + Level 1.2 Translocations
   Level 0.0 Transmutations
 + Level 1.2 Fire Magic
 + Level 1.2 Ice Magic
 + Level 1.2 Air Magic
 + Level 1.2 Earth Magic
 + Level 1.2 Alchemy


You knew the following spells:

 Your Spells              Type           Power      Damage    Failure   Level
m - Magic Dart            Conj           12%        1d3       50%         1
t - Static Discharge      Conj/Air       6%         3-4/arc   63%         2
Your spell library was empty.

Inventory:

Hand Weapons
 a - a +0 flail
 b - a +0 sling
 q - a +0 whip (weapon)
Missiles
 d - 3 throwing nets {=f}
 e - a javelin
 i - 7 poisoned darts (quivered)
Armour
 c - a +0 helmet (worn)
 f - a +2 pair of gloves (worn)
 g - a +0 robe
 o - a +0 ring mail (worn)
 s - a +0 buckler (worn)
Magical Staves
 r - a staff of cold {!a}
Scrolls
 h - 2 scrolls of teleportation {@r2}
Potions
 l - 2 potions of resistance
 n - 3 potions of curing {@q1}
 p - a potion of mutation {unknown}
 t - a potion of invisibility
 u - a potion of attraction
 w - a potion of lignification {unknown}
 z - a potion of haste {@q3}

Dungeon Overview and Level Annotations

Branches:
Dungeon (4/15)
 Temple: D:4-7

Altars:
Wu Jian

Annotations:
D:3 exclusion: downstairs

#..........#..###...#
###
#..........#?...###.# #.
##.......:##.##.###.#
##.
##......###.##..##.###).
###....................
#.......#.##..#.###.#
#.............#......
#....).##.##.........
#...@g<##.###.....###
######.........#...##
#.......#.#.#.#.
#.......#...#.#.
#.......#..##...
#...<...##......
#.......##....##
##########.#...# #...#.#


You could see a gnoll bouda.


Message History

You barely miss the gnoll bouda.
The gnoll bouda is almost dead.
The gnoll bouda mumbles some strange prayers to its god.
The gnoll bouda is healed somewhat.
You closely miss the gnoll bouda.
The gnoll bouda is severely wounded.
You block the gnoll bouda's attack.
You hit the gnoll bouda but do no damage.
The gnoll bouda is severely wounded.
You block the gnoll bouda's attack.
You hit the gnoll bouda.
The gnoll bouda is almost dead.
The gnoll bouda closely misses you.
You closely miss the gnoll bouda.
The gnoll bouda is almost dead.
The gnoll bouda looks more healthy.
The gnoll bouda gazes fiercely through you!
You feel your attacks grow feeble. You block the gnoll bouda's attack.
You closely miss the gnoll bouda.
The gnoll bouda is almost dead.
The gnoll bouda hits you with a +0 whip.
* * * LOW HITPOINT WARNING * * *
You barely miss the gnoll bouda.
The gnoll bouda is almost dead.
The gnoll bouda hits you but does no damage.
You hit the gnoll bouda.
The gnoll bouda is almost dead.
The gnoll bouda hits you with a +0 whip!
You die...

Skill      XL: |  1  2  3  4 |
---------------+-------------+-----
Spellcasting   | 1 |  1.2
Conjurations   | 1 |  1.2
Hexes          | 1 |  1.2
Summonings     | 1 |  1.2
Necromancy     | 1 |  1.2
Translocations | 1 |  1.2
Fire Magic     | 1 |  1.2
Ice Magic      | 1 |  1.2
Air Magic      | 1 |  1.2
Earth Magic    | 1 |  1.2
Alchemy        | 1 |  1.2
Maces & Flails | 3 |  3.2
Dodging        | 4 |  4.1
Fighting       | |  2.9
Throwing       | |  1.5

Action                     |  1- 3 |  4- 6 || total
---------------------------+-------+-------++-------
  Melee: Flail             |   107 |       ||   107
         Whip              |       |   131 ||   131
   Fire: Sling             |    14 |       ||    14
  Throw: Dart              |       |    20 ||    20
    Use: Scroll            |       |    11 ||    11
         Potion            |       |     2 ||     2
 Armour: Leather armour    |    41 |       ||    41
         Ring mail         |    25 |    86 ||   111
  Dodge: Dodged            |    94 |    81 ||   175
  Block: Buckler           |       |    22 ||    22

Levels and vault maps discovered:
D:1:      sevenhm_arrival_forest_fort_large_2, layout_loops_ring,
          ebering_ecumenical_altar_webs
D:2:      layout_basic, chequers_serial_rivers_small_a,
          minmay_misc_feat_four_crosses, minmay_tromino_v4_a
D:3:      layout_rooms
D:4:      layout_loops_ring, pdpol_wu_jian_five_deadly_venoms, kennysheep_path_1

Notes
Turn   | Place    | Note
-------+----------+-------------------------------------------
     0 | D:1      | Ruich the Djinni Gladiator began the quest for the Orb.
     0 | D:1      | Reached XP level 1. HP: 18/18 MP: 0/0
   148 | D:1      | Reached XP level 2. HP: 23/23 MP: 0/0
   380 | D:1      | Found a faded altar of an unknown god.
   892 | D:2      | Reached XP level 3. HP: 28/28 MP: 0/0
   892 | D:2      | Learned a level 1 spell: Magic Dart
  1255 | D:2      | Reached skill level 1 in Spellcasting
  1255 | D:2      | Reached skill level 1 in Conjurations
  1255 | D:2      | Reached skill level 1 in Hexes
  1255 | D:2      | Reached skill level 1 in Summonings
  1255 | D:2      | Reached skill level 1 in Necromancy
  1255 | D:2      | Reached skill level 1 in Translocations
  1255 | D:2      | Reached skill level 1 in Fire Magic
  1255 | D:2      | Reached skill level 1 in Ice Magic
  1255 | D:2      | Reached skill level 1 in Air Magic
  1255 | D:2      | Reached skill level 1 in Earth Magic
  1255 | D:2      | Reached skill level 1 in Alchemy
  1526 | D:2      | Reached XP level 4. HP: 34/34 MP: 0/0
  1775 | D:3      | Reached skill level 3 in Maces & Flails
  1931 | D:3      | Reached skill level 4 in Dodging
  2107 | D:4      | Found an ornate altar of the Wu Jian Council.
  2116 | D:4      | Noticed a spectral centipede
  2116 | D:4      | Noticed a spectral black mamba
  2116 | D:4      | Noticed a spectral cane toad
  2161 | D:3      | Reached XP level 5. HP: 20/40 MP: 0/0
  2161 | D:3      | Learned a level 2 spell: Static Discharge
  2375 | D:4      | HP: 4/40 [gnoll/+0 whip[a gnoll bouda] (3)]
  2575 | D:3      | Identified 2 potions of resistance
  2648 | D:3      | HP: 3/40 [gnoll bouda/+0 whip (9)]
  2658 | D:3      | HP: 4/40 [gnoll bouda/+0 whip (3)]
  2660 | D:3      | Slain by a gnoll bouda

Vanquished Creatures
  2 adders (D:3)
  3 gnolls
  6 dart slugs
  2 ribbon worms
  An orc (D:3)
  2 endoplasms
  2 giant cockroaches
  5 goblins
  5 hobgoblins
  3 jackals (D:3)
  6 kobolds
  4 quokkas
  10 ball pythons
  5 bats
  2 frilled lizards (D:2)
  4 rats
62 creatures vanquished.

Table legend: (Time is in decaauts)
 A = Elapsed time spent in this place.
 B = Non-inter-level travel time spent in this place.
 C = Inter-level travel time spent in this place.
 D = Time resting spent in this place.
 E = Time spent auto-exploring this place.
 F = Levels seen in this place.
 G = Mean time per level.
                   A        B        C        D        E       F      G
               +--------+--------+--------+--------+--------+-----+--------+
         Total |   2690 |   2554 |    136 |    330 |   1407 |   4 |  672.5 |
       Dungeon |   2690 |   2554 |    136 |    330 |   1407 |   4 |  672.5 |
               +--------+--------+--------+--------+--------+-----+--------+

Top non-repeatable levels by time:
     D:1: 890 daAuts
     D:3: 836 daAuts
     D:2: 783 daAuts
     D:4: 180 daAuts

Table legend:
 A = Non-vault XP
 B = Vault XP
 C = Vault XP percentage of total XP
 D = Non-vault monster count
 E = Vault monster count
 F = Vault count percentage of total count
                 A         B        C        D         E       F
            +---------+---------+-------+---------+---------+-------
      Total |     177 |       4 |   2.2 |      59 |       3 |   4.8
            +---------+---------+-------+---------+---------+-------
        D:1 |      26 |       0 |   0.0 |      13 |       0 |   0.0
        D:2 |      39 |       4 |   9.3 |      18 |       3 |  14.3
        D:3 |      94 |       0 |   0.0 |      24 |       0 |   0.0
        D:4 |      18 |       0 |   0.0 |       4 |       0 |   0.0
            +---------+---------+-------+---------+---------+-------
